 Dungeon Crawl Stone Soup version 0.15.0-14-g6bbbb5c (webtiles) character file.

58 MDvedh the Scratcher (level 3, -1/16 HPs)
             Began as a Felid Death Knight on Sept 4, 2014.
             Was a Believer of Yredelemnul.
             Killed from afar by Ijyb (10 damage)
             ... with a wand of magic darts
             ... on Level 3 of the Dungeon.
             The game lasted 00:09:16 (4284 turns).

MDvedh the Scratcher (Felid Death Knight)           Turns: 4284, Time: 00:09:17

HP  -1/16        AC  1     Str  9      XL: 3   Next: 75%
MP   6/6         EV 17     Int 16      God: Yredelemnul [**....]
Gold 62          SH  0     Dex 16      Spells:  0 memorised,  2 levels left
Lives: 0, deaths: 1

rFire  . . .     SeeInvis +       - Unarmed
rCold  . . .     Clarity  .     (armour unavailable)
rNeg   . . .     rCorr    .     (shield unavailable)
rPois  .         rRot     .     (helmet unavailable)
rElec  .         Spirit   .     (cloak unavailable)
SustAb .         Warding  .     (gloves unavailable)
rMut   .         Stasis   .     (boots unavailable)
Gourm  .                        (no amulet)
MR     .....                    (no ring)
                                b - +4 ring of intelligence

@: quick, not resistant to hostile enchantments, unstealthy
A: paw claws, no armour, no weapons or thrown items, fangs 3, see invisible,
carnivore 3, speed 1, shaggy fur 1, slow metabolism 1, jump 1
a: Jump Attack, Animate Remains, Recall Undead Slaves, Injury Mirror, Renounce
Religion


You were on level 3 of the Dungeon.
You worshipped Yredelemnul.
Yredelemnul was pleased with you.
You were not hungry.

You visited 1 branch of the dungeon, and saw 3 of its levels.

You collected 62 gold pieces.

Inventory:

Magical devices
 e - a wand of fireball (1)
 n - a wand of frost (8)
Comestibles
 c - 3 meat rations
 d - 2 slices of pizza
 i - a royal jelly
 m - a beef jerky
Scrolls
 g - a scroll of fear {unknown}
 k - a scroll of identify
Jewellery
 b - a +4 ring of intelligence (left paw)
Potions
 f - a potion of haste {unknown}
 h - a potion of heal wounds {unknown}
 j - a potion of poison {unknown}
 l - a potion of restore abilities {unknown}


   Skills:
 - Level 2.0 Fighting
 - Level 2.1 Dodging
 + Level 4.9 Unarmed Combat
 + Level 2.8 Invocations


You had 2 spell levels left.
You didn't know any spells.

Dungeon Overview and Level Annotations

Branches:
Dungeon (3/15)

Altars:

Annotations:
D:3 Ijyb; Samadhi's ghost, weakling DrCj


Innate Abilities, Weirdness & Mutations

You cannot wear armour.
You are incapable of wielding weapons or throwing items.
Your paws have sharp claws.
You have razor-sharp teeth.
You have supernaturally acute eyesight.
You are carnivorous and can eat meat at any time.
You cover ground quickly.
You are covered in fur (AC +1).
You have a slow metabolism.
You can jump attack at a short distance.


Message History

You kill the goblin!
Yredelemnul accepts your kill.
Found a stone staircase leading down.
You see here a dagger.
You see here 21 arrows.
You scratch the kobold.
The kobold begins to bleed from its wounds!
Your bite misses the kobold.
The kobold is heavily wounded.
The kobold misses you.
You claw the kobold!
You kill the kobold!
Yredelemnul accepts your kill.
Ijyb zaps a wand.
The magic dart hits you! Ijyb closely misses you.
You see here a whip.
You closely miss Ijyb.
Ijyb zaps a wand.
The magic dart hits you!
Ouch! That really hurt!
You die...
Your body rises from the dead as a mindless zombie.

### ... ### # #### #
####..# ## #...>.#
.####.....##########.####
.'...........).(@g...>...
.######+#.##########.####
...# #.#.# ...# #.#.#
%..# #.#.# ..## #.#.# #.#
#.#.# #.# #.#.#
#(#####.#.#


You could see Ijyb.

Vanquished Creatures
  Natasha (twice) (D:3)
  Terence (D:3)
  2 worms (D:2)
  6 giant cockroaches
  12 goblins
  7 hobgoblins
  8 bats
  A giant newt (D:1)
  11 kobolds
  10 rats
60 creatures vanquished.

Vanquished Creatures (collateral kills)
  2 giant newts
  A goblin (D:2)
  A rat (D:1)
4 creatures vanquished.

Vanquished Creatures (others)
  A bat zombie (D:3)
  2 goblin skeletons
  A hobgoblin skeleton (D:1)
  A hobgoblin zombie (D:2)
  A kobold zombie (D:2)
6 creatures vanquished.

Grand Total: 70 creatures vanquished

Notes
Turn   | Place    | Note
--------------------------------------------------------------
     0 | D:1      | MDvedh, the Felid Death Knight, began the quest for the Orb.
     0 | D:1      | Reached XP level 1. HP: 9/9 MP: 2/2
   540 | D:1      | Reached XP level 2. HP: 13/13 MP: 3/3
   808 | D:1      | Reached skill level 3 in Unarmed Combat
  1516 | D:1      | Reached XP level 3. HP: 16/16 MP: 6/6
  1839 | D:2      | Acquired Yredelemnul's second power
  2397 | D:2      | Reached skill level 4 in Unarmed Combat
  3444 | D:3      | Noticed Terence
  3473 | D:3      | Killed Terence
  3473 | D:3      | Reached XP level 4. HP: 5/19 MP: 8/8
  3652 | D:3      | Noticed Samadhi's ghost (weakling DrCj)
  3818 | D:3      | Noticed Natasha
  3821 | D:3      | Killed Natasha
  4066 | D:3      | Noticed Natasha
  4081 | D:3      | Killed Natasha
  4223 | D:3      | Slain by Samadhi's ghost
  4224 | D:3      | Reached XP level 3. HP: 0/16 MP: 6/6
  4276 | D:3      | Noticed Ijyb
  4284 | D:3      | Killed from afar by Ijyb

Action                   |  1- 3 |  4- 6 || total
-------------------------+-------+-------++-------
Melee: Unarmed           |   144 |    24 ||   168
Invok: Animate Remains   |     9 |     6 ||    15
       Recall Undead Sla |     1 |     1 ||     2
 Abil: Jump Attack       |     7 |     2 ||     9
Evoke: Wand              |     7 |     4 ||    11
  Use: Scroll            |     5 |       ||     5
       Potion            |       |     2 ||     2
 Stab: Sleeping          |     1 |     1 ||     2
  Eat: Chunk             |     9 |     5 ||    14
